 Dungeon Crawl Stone Soup version 0.18-a0-1702-gd20c6a5 (webtiles) character file.

34748 xeno23 the Bewitcher (level 13, -1/86 HPs)
             Began as a Vampire Enchanter on Apr 6, 2016.
             Was the Champion of Ashenzari.
             Slain by a death yak (26 damage)
             ... on level 6 of the Lair of Beasts.
             The game lasted 01:42:37 (14408 turns).

xeno23 the Bewitcher (Vampire Enchanter)           Turns: 14408, Time: 01:42:38

Health: -1/86      AC:  9    Str:  8    XL:     13   Next: 43%
Magic:  5/24       EV: 20    Int: 19    God:    Ashenzari [******]
Gold:   934        SH:  0    Dex: 15    Spells: 8 memorised, 5 levels left

rFire  . . .     SeeInvis +     K - +3 short sword (vamp) (curse)
rCold  . . .     Gourm    .     b - +1 robe (curse)
rNeg   . . .     Faith    +     (no shield)
rPois  .         Spirit   .     a - +0 helmet (curse)
rElec  +         Dismiss  .     n - +0 cloak (curse)
rCorr  .         Reflect  .     e - +1 pair of gloves (curse)
SustAt .         Harm     .     (no boots)
MR     +++..     Clarity  +     m - amulet of faith (curse)
Stlth  +++++++...               S - ring of protection from magic (curse)
                                L - ring of protection from magic (curse)

@: regenerating quickly, extremely resistant to hostile enchantments, extremely
stealthy
A: fangs 3, yellow scales 1, see invisible, frail 1, electricity resistance,
weak 1, unbreathing, sturdy frame 1
a: Curse Item, Scrying, Transfer Knowledge, Renounce Religion


You were on level 6 of the Lair of Beasts.
You worshipped Ashenzari.
Ashenzari was exalted by your worship.
You were very full.

You visited 2 branches of the dungeon, and saw 15 of its levels.
You also visited: Ossuary.

You collected 934 gold pieces.

Inventory:

Hand Weapons
 K - a cursed +3 vampiric short sword (weapon)
Missiles
 g - 5 javelins (quivered)
 G - 3 throwing nets
Armour
 a - a cursed +0 helmet (worn)
 b - a cursed +1 robe (worn)
 e - a cursed +1 pair of gloves (worn)
 n - a cursed +0 cloak (worn)
Jewellery
 m - a cursed amulet of faith (around neck)
 L - a cursed ring of protection from magic (left hand)
 S - a cursed ring of protection from magic (right hand)
Wands
 c - a wand of hasting (5/9)
 f - a wand of iceblast (9/15)
Scrolls
 h - 3 scrolls of identify
 j - 4 scrolls of amnesia
 k - 3 scrolls of fog
 o - 2 scrolls of immolation
 r - 2 scrolls of remove curse
 s - 2 scrolls of magic mapping
 u - 6 scrolls of teleportation
 v - 2 scrolls of fear
 x - 6 scrolls of recharging
 y - 3 scrolls of enchant weapon
 R - a scroll of blinking
Potions
 d - 3 potions of blood
 i - a potion of invisibility
 l - 5 potions of lignification
 p - 7 potions of flight
 q - 5 potions of berserk rage
 t - a potion of cancellation
 w - a potion of brilliance
 z - 4 potions of might
 A - 3 potions of haste
 B - a potion of cure mutation
 E - 2 potions of agility
 J - a potion of magic
 M - 7 potions of curing
 P - 2 potions of resistance
 X - 5 potions of ambrosia
 Z - 2 potions of heal wounds
Miscellaneous
 Y - a lamp of fire (inert)


   Skills:
 + Level 7.5 Fighting
 * Level 12.3(16.4) Short Blades
 + Level 9.3(12.2) Dodging
 + Level 13.3(15.9) Stealth
 + Level 7.3 Spellcasting
 - Level 3.1(7.0) Conjurations
 + Level 15.2(19.1) Hexes
 - Level 3.3(7.2) Translocations


You had 5 spell levels left.
You knew the following spells:

 Your Spells              Type           Power        Failure   Level  Hunger
a - Confuse               Hex            ######..     0%          3    #......
b - Summon Butterflies    Summ           #.......     10%         1    None
c - Corona                Hex            ######.      0%          1    None
d - Tukima's Dance        Hex            ######..     0%          3    #......
e - Gell's Gravitas       Hex/Tloc       ######....   1%          3    #......
f - Ensorcelled Hibernat  Hex/Ice        #####.       1%          2    None
g - Summon Mana Viper     Hex/Summ       #####...     6%          5    #####..
q - Dazzling Spray        Conj/Hex       ######..     1%          3    #......


Dungeon Overview and Level Annotations

Branches:
Dungeon (9/15)             Temple (0/1) D:7            Lair (6/8) D:8
  Swamp (0/4) Lair:6        Snake (0/4) Lair:3
  Slime: Lair:6-8       Orc: D:9-12

Altars:
Ashenzari
Cheibriados
Elyvilon
Fedhas
Kikubaaqudgha
Makhleb
Pakellas
Sif Muna
Vehumet
Xom
Yredelemnul
The Shining One


Innate Abilities, Weirdness & Mutations

Your natural rate of healing is unusually fast.
You have razor-sharp teeth.
You have supernaturally acute eyesight.
You can survive without breathing.
You are partially covered in yellow scales (AC +2).
You are frail (-10% HP).
You are resistant to electric shocks.
You are weak. (Str -2)
Your movements are slightly less encumbered by armour (ER -2).


Message History

Confirm with . or Enter, or press ? or * to list all spells.
Aiming: Dazzling Spray
Press: ? - help, Shift-Dir - straight line, f/p - death yak
Aim: a death yak (almost dead)
The spray of energy hits the death yak.
The death yak is almost dead.
The spray of energy hits the death yak.
The death yak is lightly wounded.
The spray of energy hits the fungus.
The fungus is moderately damaged.
Evoke which item? (* to show all) (? for menu, Esc to quit)
Zapping:
f - a wand of iceblast (10/15)
Press: ? - help, Shift-Dir - straight line, p - death yak The mass of ice explodes!
The iceblast engulfs the death yak.
You kill the death yak!
The iceblast engulfs the death yak.
The death yak is moderately wounded.
This wand has 9 charges left.
The death yak gores you!!
You die...

.# #.## ....##
.##
##..#,......#
..# #P..#
......# .P#
#...#*P.....#
.##
###.####....#
..#
#...........##
.P#
###..........#
..#
#P....Y.....#
.P##
##.P.@#.....#
.P.#
##..###.....#
...#
#..P##P....##
=P##
##..####....#
..#
#...........#
.#####
###.###†....#*
...#.#
#..####....#.
....##
##....#P....#*
...##
###....^.....#


You could see a death yak.

Vanquished Creatures
  The ghost of simok the Destroyer, a journeyman DrCj of Vehumet (Lair:3)
  Josephine (Lair:6)
  3 hydras
  3 death yaks (Lair:6)
  14 elephants
  3 black mambas
  12 spiny frogs
  6 komodo dragons
  4 rime drakes
  A giant leech (Lair:6)
  The ghost of simok the Cudgeler, an amateur DsHu (D:4)
  16 blink frogs
  A two-headed ogre (D:9)
  Sigmund (D:2)
  3 wraiths
  35 yaks
  Eustachio (D:4)
  2 basilisks (Lair:1)
  5 hippogriffs
  A hungry ghost (D:7)
  Menkaure (Ossuary)
  2 nagas (Lair:3)
  7 water moccasins
  3 porcupines
  3 orc warriors
  A sky beast (D:9)
  3 ice beasts
  2 black bears
  2 phantoms
  2 centaurs
  13 wolves
  4 ogres
  8 crocodiles
  7 giant frogs
  A big kobold (D:7)
  An elf zombie (Ossuary)
  A scorpion (D:8)
  4 wights (D:8)
  2 howler monkeys
  An electric eel (Lair:4)
  2 crimson imps
  A giant frog zombie (D:6)
  2 jellies
  4 centaur zombies
  16 orc priests
  A gnoll shaman (D:4)
  3 centaur skeletons
  5 hounds
  13 orc wizards
  Jessica (D:2)
  2 giant frog skeletons
  Terence (D:2)
  11 iguanas
  Natasha (thrice) (D:3)
  7 worker ants
  2 killer bee zombies
  A big kobold zombie (Ossuary)
  2 ogre zombies (Ossuary)
  A hound skeleton (D:6)
  A hound zombie (D:8)
  7 mummies
  A worker ant zombie (D:5)
  Robin (D:4)
  13 gnolls
  A howler monkey skeleton (D:9)
  11 adders
  10 river rats (Lair:1)
  2 shadow imps
  3 oozes
  3 adder zombies (Ossuary)
  4 worms (D:2)
  3 dart slugs
  A giant gecko (D:2)
  56 orcs
  6 bats
  7 giant cockroaches
  15 goblins
  8 hobgoblins
  17 kobolds
  4 quokkas
  5 ball pythons
  3 giant gecko skeletons
  4 giant newts
  2 goblin zombies (Ossuary)
  4 hobgoblin zombies
  6 kobold zombies
  8 quokka zombies (Ossuary)
  9 rats
  4 rat zombies (Ossuary)
479 creatures vanquished.

Vanquished Creatures (collateral kills)
  A worker ant zombie (D:5)
  A plant (Lair:3)
2 creatures vanquished.

Vanquished Creatures (others)
  A dancing weapon (D:4)
  An orc (D:6)
  6 fungi
  3 plants
11 creatures vanquished.

Grand Total: 492 creatures vanquished

Notes
Turn   | Place    | Note
--------------------------------------------------------------
     0 | D:1      | xeno23 the Vampire Enchanter began the quest for the Orb.
     0 | D:1      | Reached XP level 1. HP: 13/13 MP: 3/3
   249 | D:1      | Reached XP level 2. HP: 19/19 MP: 5/5
   703 | D:1      | Reached XP level 3. HP: 23/24 MP: 6/6
   708 | D:1      | Learned a level 3 spell: Confuse
   872 | D:2      | Noticed Terence
   899 | D:2      | Killed Terence
   899 | D:2      | Reached skill level 5 in Hexes
  1051 | D:2      | Reached skill level 5 in Stealth
  1051 | D:2      | Reached XP level 4. HP: 29/30 MP: 0/7
  1223 | D:2      | Learned a level 3 spell: Tukima's Dance
  1226 | D:2      | Noticed Sigmund
  1482 | D:2      | Noticed Jessica
  1494 | D:2      | Killed Jessica
  1494 | D:2      | Reached XP level 5. HP: 32/35 MP: 4/8
  1752 | D:2      | Killed Sigmund
  1752 | D:2      | Reached skill level 6 in Hexes
  1752 | D:2      | Reached XP level 6. HP: 42/42 MP: 6/10
  1784 | D:3      | Reached skill level 1 in Fighting
  2001 | D:3      | Found a snail-covered altar of Cheibriados.
  2002 | D:3      | Noticed Natasha
  2035 | D:3      | Killed Natasha
  2136 | D:3      | Found a faded altar to an unknown god.
  2137 | D:3      | Found a white marble altar of Elyvilon.
  2213 | D:3      | Noticed Natasha
  2222 | D:3      | Killed Natasha
  2256 | D:3      | Noticed Natasha
  2269 | D:3      | Killed Natasha
  2417 | D:4      | Reached XP level 7. HP: 38/48 MP: 8/11
  2446 | D:4      | Noticed simok's ghost (amateur DsHu)
  2480 | D:4      | Killed simok's ghost
  2480 | D:4      | Reached skill level 7 in Hexes
  2484 | D:4      | Learned a level 2 spell: Ensorcelled Hibernation
  2488 | D:4      | Learned a level 3 spell: Dazzling Spray
  2501 | D:4      | Found a radiant altar of Vehumet.
  2523 | D:4      | Found an ancient bone altar of Kikubaaqudgha.
  2806 | D:3      | Reached skill level 5 in Short Blades
  3069 | D:4      | Reached skill level 8 in Hexes
  3069 | D:4      | Reached XP level 8. HP: 41/56 MP: 13/13
  3114 | D:4      | Noticed Robin
  3163 | D:4      | Killed Robin
  3345 | D:4      | Noticed Eustachio
  3362 | D:4      | Killed Eustachio
  3458 | D:4      | Found a basalt altar of Yredelemnul.
  3549 | D:4      | Found a blossoming altar of Fedhas.
  3549 | D:4      | Found a shattered altar of Ashenzari.
  3554 | D:4      | Became a worshipper of Ashenzari the Shackled
  3586 | D:5      | Entered Level 5 of the Dungeon
  3595 | D:5      | Gained mutation: You are weak. (Str -2) [potion of mutation]
  3595 | D:5      | Gained mutation: You are partially covered in thin metallic scales (AC +2). [potion of mutation]
  3595 | D:5      | Gained mutation: You are resistant to electric shocks. [potion of mutation]
  3597 | D:5      | Found a glowing golden altar of the Shining One.
  3934 | D:5      | Learned a level 1 spell: Summon Butterflies
  3959 | D:5      | Reached skill level 9 in Hexes
  4032 | D:5      | Reached * piety under Ashenzari
  4207 | D:5      | Reached skill level 5 in Dodging
  4386 | D:6      | Reached XP level 9. HP: 63/63 MP: 14/14
  4609 | D:6      | Found a sand-covered staircase.
  4614 | Ossuary  | Entered an ossuary
  4710 | Ossuary  | Reached skill level 10 in Hexes
  4820 | Ossuary  | Noticed Menkaure
  4841 | Ossuary  | Killed Menkaure
  4944 | Ossuary  | Gained mutation: You are partially covered in yellow scales (AC +2). [potion of mutation]
  4944 | Ossuary  | Lost mutation: You are partially covered in thin metallic scales (AC +2). [potion of mutation]
  5291 | D:7      | Reached ** piety under Ashenzari
  5397 | D:7      | Gained mutation: You are frail (-10% HP). [potion of mutation]
  5397 | D:7      | Gained mutation: You have large cloven feet. [potion of mutation]
  5428 | D:7      | Lost mutation: You are frail (-10% HP). [potion of cure mutation]
  5428 | D:7      | Lost mutation: You have large cloven feet. [potion of cure mutation]
  5947 | D:7      | Reached skill level 11 in Hexes
  6166 | D:7      | Found a staircase to the Ecumenical Temple.
  6394 | D:7      | Reached XP level 10. HP: 72/72 MP: 17/17
  6468 | D:8      | Found a radiant altar of Vehumet.
  6905 | D:8      | Found a shimmering altar of Xom.
  6989 | D:8      | Found a deep blue altar of Sif Muna.
  7271 | D:8      | Found a staircase to the Lair.
  7348 | D:9      | Reached *** piety under Ashenzari
  7405 | D:9      | Reached skill level 5 in Spellcasting
  7606 | D:9      | Reached skill level 10 in Stealth
  7819 | D:9      | Reached skill level 12 in Hexes
  8083 | D:9      | Found a burning altar of Makhleb.
  8083 | D:9      | Found an oddly glowing altar of Pakellas.
  8190 | Lair:1   | Entered Level 1 of the Lair of Beasts
  8240 | Lair:1   | Reached skill level 1 in Conjurations
  8245 | Lair:1   | Reached skill level 5 in Fighting
  8349 | Lair:1   | Reached XP level 11. HP: 43/80 MP: 8/19
  8880 | Lair:1   | Reached skill level 13 in Hexes
  8931 | Lair:1   | Noticed a seven-headed hydra
  8944 | Lair:1   | Killed a seven-headed hydra
  9035 | Lair:1   | Reached **** piety under Ashenzari
  9268 | Lair:1   | Reached skill level 10 in Short Blades
  9554 | Lair:1   | Learned a level 3 spell: Gell's Gravitas
  9560 | Lair:1   | Learned a level 5 spell: Summon Mana Viper
  9661 | Lair:2   | Reached skill level 1 in Translocations
  9788 | Lair:2   | Noticed an eight-headed hydra
  9803 | Lair:2   | Killed an eight-headed hydra
  9803 | Lair:2   | Reached XP level 12. HP: 84/88 MP: 18/21
 10038 | Lair:2   | Found a shattered altar of Ashenzari.
 10048 | Lair:2   | Reached skill level 14 in Hexes
 10901 | Lair:3   | Found a staircase to the Snake Pit.
 11002 | Lair:3   | Noticed simok's ghost (journeyman DrCj)
 11031 | Lair:3   | Killed simok's ghost
 11118 | Lair:3   | Reached ***** piety under Ashenzari
 11680 | Lair:4   | Identified the +7 trident of Hiviu {pierce, MR+ Int+4}
 11715 | Lair:4   | Gained mutation: Your movements are slightly less encumbered by armour (ER -2). [potion of mutation]
 11715 | Lair:4   | Gained mutation: You are frail (-10% HP). [potion of mutation]
 11940 | Lair:4   | Identified the +1 scale mail "Zieplui" {rCorr Str+3 Int-4}
 11982 | Lair:4   | Noticed a four-headed hydra
 11999 | Lair:4   | Killed a four-headed hydra
 12666 | Lair:5   | Reached XP level 13. HP: 46/86 MP: 7/23
 13277 | Lair:5   | Reached ****** piety under Ashenzari
 13651 | Lair:6   | Noticed Josephine
 13783 | Lair:6   | Killed Josephine
 13783 | Lair:6   | Reached skill level 15 in Hexes
 14408 | Lair:6   | Slain by a death yak

Vault maps used:
D:1:      minmay_arrival_loop
D:2:      uniq_jessica, uniq_terence, uniq_sigmund
D:3:      nicolae_overflow_crystal_walls, elyvilon_altar_5, ecumenical_altar_2,
          uniq_natasha
D:4:      vehumet_crystals, kiku_gazebo_pond_becter, kennysheep_mini_moat,
          gammafunk_temple_overflow_statue, first_bread, uniq_eustachio,
          uniq_robin
D:5:      lemuel_round_altar, minmay_mini_ossuary
D:6:      enter_ossuary_5
D:7:      temple_hall_moat
D:8:      xom_teletrap_fun, led_sif_pool, david_lair_shrubbed, basic_altar
D:9:      gammafunk_temple_overflow_wave
Lair:2:   basic_altar
Lair:3:   guppyfry_snake_entry_garden
Lair:4:   serial_bayou_ford_a
Lair:5:   beast_lair_carwin_10
Lair:6:   minmay_swamp_entry_worms, uniq_josephine
Ossuary:  ossuary_boxes_badplayer

Skill      XL: |  1  2  3  4  5  6  7  8  9 10 11 12 13 |
---------------+----------------------------------------+-----
Short Blades   | 2 3 4 5 6 8 9 10 11 12 | 12.3
Hexes          | 5 6 8 9 11 12 13 14 15 | 15.2
Stealth        | 5 6 8 9 10 11 12 13 | 13.3
Dodging        | 3 4 5 6 7 8 9 |  9.3
Fighting       | 1 2 3 4 5 6 7 |  7.5
Spellcasting   | 3 4 5 6 7 |  7.3
Conjurations   | 1 2 3 |  3.1
Translocations | 1 3 |  3.3

Action                   |  1- 3 |  4- 6 |  7- 9 | 10-12 | 13-15 || total
-------------------------+-------+-------+-------+-------+-------++-------
Melee: Dagger            |   108 |   266 |   621 |       |       ||   995
       Scythe            |       |     1 |       |       |       ||     1
       Short sword       |       |       |   116 |   967 |   179 ||  1262
Throw: Javelin           |       |       |       |     5 |     1 ||     6
 Cast: Corona            |     1 |       |       |       |       ||     1
       Confuse           |     5 |    12 |    27 |    52 |    22 ||   118
       Dazzling Spray    |       |       |    14 |    45 |    25 ||    84
       Tukima's Dance    |       |       |     3 |       |       ||     3
       Ensorcelled Hiber |       |       |       |     3 |     1 ||     4
       Summon Mana Viper |       |       |       |     1 |       ||     1
       Gell's Gravitas   |       |       |       |     7 |       ||     7
Invok: Curse Item        |       |       |     5 |     4 |       ||     9
 Abil: End Transformatio |       |       |     1 |       |       ||     1
       Bat Form          |       |       |     1 |       |       ||     1
Evoke: Wand              |       |       |       |       |     1 ||     1
       Lamp of fire      |       |       |       |       |     1 ||     1
  Use: Potion            |       |       |     8 |     2 |     1 ||    11
       Scroll            |       |       |    13 |    18 |     2 ||    33
 Stab: Sleeping          |    10 |    11 |    47 |    24 |    13 ||   105
       Confused          |     2 |     9 |    18 |    47 |    12 ||    88
       Invisible         |       |       |     7 |    42 |     7 ||    56
       Distracted        |       |       |     2 |     1 |       ||     3
  Eat: Corpse            |     3 |     9 |    21 |    31 |     6 ||    70
